 Dungeon Crawl Stone Soup version 0.14.1 (webtiles) character file.

1162 Heini the Covered (level 8, -1/70 HPs)
             Began as a Hill Orc Fighter on Apr 29, 2014.
             Slain by an ogre
             ... wielding a +0,+0 giant spiked club
              (18 damage)
             ... on Level 5 of the Dungeon.
             The game lasted 00:09:54 (4556 turns).

Heini the Covered (Hill Orc Fighter)                Turns: 4556, Time: 00:09:54

HP  -1/70        AC 12     Str 26      XL: 8   Next:  9%
MP   0/8         EV  6     Int  8      God:
Gold 245         SH 19     Dex 10      Spells:  0 memorised,  7 levels left

rFire  . . .     SeeInvis .     a - +0,-1 war axe
rCold  . . .     Clarity  .     u - +0 chain mail
rNeg   . . .     Conserve .     c - +0 shield
rPois  .         rCorr    .     (no helmet)
rElec  .         rRot     .     v - +0 cloak
SustAb . .       Spirit   +     (no gloves)
rMut   .         Warding  .     (no boots)
Saprov + . .     Stasis   .     n - amulet of guardian spirit
MR     .....                    (no ring)
                                (no ring)

@: mighty, not resistant to hostile enchantments, extremely unstealthy
A: saprovore 1
a: no special abilities


You were on level 5 of the Dungeon.
You were not hungry.

You visited 1 branch of the dungeon, and saw 6 of its levels.

You collected 245 gold pieces.

Inventory:

Hand weapons
 a - a +0,-1 war axe (weapon)
Missiles
 g - 21 stones (quivered)
Armour
 b - a +0 scale mail
 c - a +0 shield (worn)
 u - a +0 chain mail (worn)
 v - a +0 cloak (worn)
Magical devices
 t - a wand of slowing (13) {unknown}
Comestibles
 d - 2 meat rations
 h - 4 bread rations
 s - 2 chokos
 x - a honeycomb
Scrolls
 i - a scroll of fog
 k - 2 scrolls of teleportation {unknown}
 m - 2 scrolls of remove curse
 q - a scroll of enchant weapon I {unknown}
 r - a scroll of random uselessness {unknown}
 w - 2 scrolls of enchant weapon II {unknown}
 y - 5 scrolls of identify
 C - a scroll of noise {unknown}
Jewellery
 n - an amulet of guardian spirit (around neck)
Potions
 e - a potion of might
 f - 6 potions of curing {unknown}
 j - a potion of heal wounds
 l - a potion of magic {unknown}
 o - a potion of poison {unknown}
 p - 2 potions of mutation {unknown}
 z - a potion of restore abilities {unknown}
 E - a potion of agility
 F - a potion of lignification {unknown}
Books
 D - a book of Summonings

   Spells                             Type                      Level
   Abjuration                         Summoning                    3
   Recall                             Summoning/Translocation      3
   Summon Elemental                   Summoning                    4
   Shadow Creatures                   Summoning                    5
   Summon Demon                       Summoning                    5
   Monstrous Menagerie                Summoning                    6


   Skills:
 * Level 6.2 Fighting
 * Level 6.8 Axes
 * Level 7.5 Armour
 - Level 3.2 Shields


You had 7 spell levels left.
You didn't know any spells.

Dungeon Overview and Level Annotations

Branches:
Dungeon (6/15)
 Temple: D:4-7

Altars:
Dithmenos
Elyvilon
Makhleb
Nemelex Xobeh
Zin

Shops:
D:6 =


Innate Abilities, Weirdness & Mutations

You can tolerate rotten meat.


Message History

The ogre hits you with a giant club!
You completely miss the ogre.
The ogre is heavily wounded.
You block the ogre's attack.
Drink which item? (? for menu, Esc to quit)
You feel very mighty all of a sudden.
You slash the ogre!
The ogre is almost dead.
You hit the ogre.
The ogre is moderately wounded.
The ogre completely misses you.
The ogre hits you with a giant spiked club!
* * * LOW HITPOINT WARNING * * *
You slash the ogre!
The ogre is severely wounded.
You slash the ogre!
You kill the ogre!
You have reached level 8!
The ogre hits you with a giant spiked club!
You die...

... ......##
#......)... ..#
#.#.#...####.##.####
##.# #.#........#
..( #.# #
#)#...###### ##.##
..# # #.#.#..## #.
.. ..#.#.#.#.#..#
#.#.# ...........#
#....
..####...#.......
... ###@####### ...
.......O)# #.#
.######.# #.# #.#
#.# .######.# #.#
.......#%# ####.##
.........# #.....)
.#####.#.######
#.##... #
#...O..#####.#####


You could see an ogre.

Vanquished Creatures
  3 ogres (D:5)
  2 centaurs (D:5)
  A giant frog (D:6)
  An orc priest (D:4)
  2 hounds
  A jelly (D:5)
  3 worker ants
  An orc wizard (D:4)
  5 gnolls
  7 adders
  An orc skeleton (D:4)
  2 worms (D:4)
  A giant gecko (D:1)
  7 orcs
  A ball python (D:3)
  9 bats
  4 giant cockroaches
  9 hobgoblins
  2 jackals (D:2)
  3 quokkas
  6 giant newts
  7 goblins
  A goblin skeleton (D:5)
  10 kobolds
  11 rats
100 creatures vanquished.

Notes
Turn   | Place    | Note
--------------------------------------------------------------
     0 | D:1      | Heini, the Hill Orc Fighter, began the quest for the Orb.
     0 | D:1      | Reached XP level 1. HP: 19/19 MP: 1/1
   103 | D:1      | Reached skill level 4 in Fighting
   103 | D:1      | Reached XP level 2. HP: 12/27 MP: 2/2
   597 | D:1      | Reached XP level 3. HP: 34/34 MP: 3/3
   836 | D:2      | Found a glowing silver altar of Zin.
   836 | D:2      | Found a burning altar of Makhleb.
   837 | D:2      | Noticed a balrug
   837 | D:2      | Noticed an angel
  1062 | D:2      | Reached XP level 4. HP: 36/41 MP: 4/4
  1766 | D:3      | Reached skill level 5 in Armour
  1766 | D:3      | Reached XP level 5. HP: 37/47 MP: 3/5
  2069 | D:4      | Found a sparkling altar of Nemelex Xobeh.
  2271 | D:4      | Reached skill level 5 in Fighting
  2528 | D:4      | Reached XP level 6. HP: 45/56 MP: 6/6
  3127 | D:5      | Entered Level 5 of the Dungeon
  3184 | D:5      | Reached skill level 6 in Armour
  3296 | D:5      | Reached skill level 5 in Axes
  3298 | D:5      | Reached XP level 7. HP: 46/61 MP: 5/7
  3628 | D:5      | Found a shadowy altar of Dithmenos.
  3649 | D:5      | Reached skill level 7 in Armour
  3959 | D:6      | Found Guang's Jewellery Boutique.
  4004 | D:6      | Found a white marble altar of Elyvilon.
  4556 | D:5      | Reached XP level 8. HP: 17/70 MP: 3/8
  4556 | D:5      | Slain by an ogre

Action                   |  1- 3 |  4- 6 |  7- 9 || total
-------------------------+-------+-------+-------++-------
Melee: War axe           |    99 |   224 |   112 ||   435
  Use: Scroll            |     4 |       |       ||     4
       Potion            |       |     1 |     1 ||     2
